 Dungeon Crawl Stone Soup version 0.29-a0-194-g6e3aafee17 (webtiles) character file.

Game seed: 1647871460570777750

5733 bande the Cleaver (level 10, -1/63 HPs)
             Began as a Gargoyle Fighter on Feb 23, 2022.
             Was a Believer of Okawaru.
             Slain by a komodo dragon (16 damage)
             ... on level 1 of the Lair of Beasts.
             The game lasted 00:15:59 (7949 turns).

bande the Cleaver (Gargoyle Fighter)                Turns: 7949, Time: 00:15:59

Health: -1/63      AC: 26    Str: 26    XL:     10   Next: 77%
Magic:  12/12      EV:  6    Int:  9    God:    Okawaru [**....]
Gold:   555        SH: 10    Dex: 13    Spells: 9/9 levels left

rFire   . . .      SeeInvis .   a - +1 war axe
rCold   . . .      Faith    .   f - +0 kite shield {reflect}
rNeg    + . .      Spirit   .   r - +0 plate armour
rPois   ∞          Reflect  +   s - +2 helmet
rElec   +          Harm     .   o - +0 cloak
rCorr   .          Rampage  .   u - +0 pair of gloves
Will    .....                   (no boots)
Stlth   ..........              j - amulet of regeneration
HPRegen 1.00/turn               C - +6 ring of strength
MPRegen 0.13/turn               (no ring)

@: no status effects
A: sickness immunity, AC +7, negative energy resistance 1, electricity
resistance, torment resistance 1, petrification resistance
a: Renounce Religion, Heroism


You were on level 1 of the Lair of Beasts.
You worshipped Okawaru.
Okawaru was pleased with you.
You visited 3 branches of the dungeon, and saw 11 of its levels.

You collected 555 gold pieces.

Inventory:

Hand Weapons
 a - a +1 war axe (weapon)
 q - a +0 war axe
 v - a +2 mace of protection
Armour
 e - a +1 chain mail of cold resistance
 f - a +0 kite shield of reflection (worn)
 o - a +0 cloak (worn)
 r - a +0 plate armour (worn)
 s - a +2 helmet (worn)
 u - a +0 pair of gloves (worn)
Jewellery
 c - an amulet of magic regeneration
 j - an amulet of regeneration (around neck)
 p - the amulet "Cuam" {RegenMP rC++ Dex+4}
   (You found it on level 5 of the Dungeon)

   [amulet of magic regeneration]

   It increases your rate of magic regeneration.
   Dex:       It affects your dexterity (+4).
   rC:        It greatly protects you from cold.
 C - a +6 ring of strength (left hand)
Wands
 t - a wand of polymorph (13)
 D - a wand of iceblast (11)
Scrolls
 b - 3 scrolls of blinking
 l - 4 scrolls of teleportation
 A - a scroll of silence
Potions
 d - a potion of might
 g - 6 potions of curing
 h - a potion of berserk rage
 i - a potion of heal wounds
 k - 2 potions of invisibility
 m - a potion of resistance
 w - a potion of magic {unknown}
 x - a potion of cancellation {unknown}
 z - a potion of haste {unknown}


   Skills:
 + Level 7.2 Fighting
 + Level 9.3 Axes
 + Level 7.0 Armour
 + Level 7.8 Shields
 * Level 3.6 Invocations
 * Level 4.8 Evocations


You had 9 spell levels left.
You didn't know any spells.
Your spell library contained the following spells:

 Spells                   Type           Power      Damage    Failure   Level
 Magic Dart               Conj           0%         1d3       100%        1
 Searing Ray              Conj           0%         2d4       100%        2
 Ignite Poison            Fire/Tmut/Pois 0%         N/A       100%        3
 Mephitic Cloud           Conj/Pois/Air  0%         N/A       100%        3
 Fulminant Prism          Conj/Hex       0%         3d6       100%        4
 Freezing Cloud           Conj/Ice/Air   0%         6-21      100%        5


Dungeon Overview and Level Annotations

Branches:
Dungeon (8/15)             Temple (1/1) D:7            Lair (2/6) D:8
  Swamp: Lair:2-4    Shoals: Lair:2-4     Snake: Lair:2-4    Spider: Lair:2-4

Altars:
Cheibriados
Dithmenos
Elyvilon
Gozag
Hepliaklqana
Makhleb
Nemelex Xobeh
Okawaru
Trog
Uskayaw
Vehumet
Wu Jian
Xom
Yredelemnul
The Shining One

Annotations:
D:6 2 transporters, mathmaestro's ghost, novice TrMo


Innate Abilities, Weirdness & Mutations

You are immune to sickness and miasma.
Your stone body is resilient. (AC +7)
You are immune to poison.
You resist negative energy. (rN+)
You are resistant to electric shocks. (rElec)
You are resistant to unholy torment.
You are immune to petrification.


Message History

You hit the komodo dragon. You slash the yak! You hit the yak but do no damage.
The water moccasin bites you.
The komodo dragon bites you but does no damage.
The yak closely misses you. The yak barely misses you.
Unknown command.
You completely miss the water moccasin.
The water moccasin is lightly wounded.
You slash the yak! You hit the yak. You slash the yak!
You closely miss the komodo dragon.
The water moccasin bites you but does no damage.
The komodo dragon bites you but does no damage.
The yak gores you but does no damage. You block the water moccasin's attack.
You block the yak's attack. The yak gores you but does no damage.
The komodo dragon bites you but does no damage.
You slash the water moccasin!
The water moccasin is heavily wounded.
You hit the komodo dragon but do no damage.
You hit the yak. You hit the yak but do no damage. You hit the yak.
You slash the yak!
The water moccasin bites you but does no damage.
The yak gores you but does no damage. The yak gores you!
The yak gores you but does no damage. The yak barely misses you.
The komodo dragon barely misses you.
The water moccasin bites you but does no damage.
The yak gores you!
You hit the water moccasin.
The water moccasin is heavily wounded.
You hit the komodo dragon. You barely miss the yak. You closely miss the yak.
You slash the yak! x2; You block the water moccasin's attack.
The yak gores you. You block the yak's attack.
The yak gores you but does no damage. The komodo dragon bites you!
* * * LOW HITPOINT WARNING * * *
The yak gores you but does no damage.
You hit the yak but do no damage.
The yak is severely wounded.
You slash the yak! You barely miss the yak. x2
You hit the water moccasin but do no damage.
You closely miss the komodo dragon. The water moccasin barely misses you.
You block the yak's attack. x3; The komodo dragon bites you!
You die...

*,,,,,,,,* *,, **,,.....**
**, *,,,.....* #.
**,,.....#### #.
*,,,......#.###############.
**,,........................
**,,........................
*,,,......lYY...............
**,,......S@................
*,,,......YY................
**,,........................
*,,........................
***#######..######.########
#### ###


You could see a komodo dragon, 4 yaks and a water moccasin.

Vanquished Creatures
  A hydra (Lair:1)
  Pikel (D:3)
  A komodo dragon (Lair:1)
  Grinder (D:5)
  5 yaks
  A wyvern (D:8)
  6 water moccasins
  An ice beast (D:5)
  A sky beast (D:6)
  5 black bears
  2 necrophages
  A lemure (D:3)
  3 kobold brigands
  3 bullfrogs
  2 scorpions
  A water moccasin zombie (D:6)
  2 water moccasin skeletons
  3 killer bees (D:7)
  A howler monkey (D:6)
  A bullfrog zombie (D:6)
  2 centaur zombies
  3 centaur skeletons
  Crazy Yiuf (D:2)
  3 bullfrog skeletons
  3 orc priests
  Ijyb (D:4)
  5 iguanas
  Natasha (thrice) (D:2)
  5 orc wizards
  A killer bee zombie (D:6)
  Robin (D:4)
  4 gnolls (D:6)
  8 adders
  A white imp (D:7)
  2 ufetubi
  3 worms
  2 dart slugs
  27 orcs
  4 ball pythons
  5 endoplasms
  6 giant cockroaches
  17 goblins
  7 hobgoblins
  20 kobolds
  A quokka (D:4)
  5 bats
  2 frilled lizards
  3 rats
187 creatures vanquished.

Vanquished Creatures (others)
  2 orc wizards (D:5)
  A fungus (Lair:1)
  12 plants
15 creatures vanquished.

Grand Total: 202 creatures vanquished

Notes
Turn   | Place    | Note
-------+----------+-------------------------------------------
     0 | D:1      | bande the Gargoyle Fighter began the quest for the Orb.
     0 | D:1      | Reached XP level 1. HP: 14/14 MP: 1/1
   448 | D:1      | Reached XP level 2. HP: 18/19 MP: 2/2
   860 | D:1      | Reached skill level 2 in Axes
   925 | D:1      | Reached XP level 3. HP: 24/24 MP: 3/3
  1185 | D:2      | Noticed Natasha
  1191 | D:2      | Killed Natasha
  1467 | D:2      | Reached XP level 4. HP: 29/29 MP: 4/4
  1477 | D:2      | Noticed Natasha
  1489 | D:2      | Killed Natasha
  1566 | D:2      | Noticed Natasha
  1581 | D:2      | Killed Natasha
  1582 | D:2      | Reached skill level 3 in Axes
  1582 | D:2      | Reached XP level 5. HP: 27/33 MP: 5/5
  1723 | D:2      | Found a runed translucent door.
  1724 | D:2      | Noticed Crazy Yiuf
  1837 | D:2      | Found a faded altar of an unknown god.
  2078 | D:2      | Killed Crazy Yiuf
  2428 | D:3      | Found a snail-covered altar of Cheibriados.
  2756 | D:3      | Reached XP level 6. HP: 38/38 MP: 6/6
  3247 | D:4      | Noticed Pikel
  3281 | D:3      | Reached skill level 4 in Axes
  3303 | D:3      | Killed Pikel
  3304 | D:3      | Reached skill level 5 in Axes
  3304 | D:3      | Reached skill level 5 in Armour
  3304 | D:3      | Reached skill level 5 in Shields
  3304 | D:3      | Reached XP level 7. HP: 30/44 MP: 7/7
  3460 | D:4      | Reached skill level 5 in Fighting
  3547 | D:4      | Reached XP level 8. HP: 49/49 MP: 8/8
  3605 | D:4      | Noticed Robin
  3611 | D:4      | Killed Robin
  3629 | D:4      | Noticed Ijyb
  3635 | D:4      | Killed Ijyb
  3646 | D:4      | Reached skill level 6 in Axes
  3993 | D:5      | Entered Level 5 of the Dungeon
  4027 | D:5      | Noticed Grinder
  4033 | D:5      | Paralysed by Grinder for 7 turns
  4048 | D:5      | Paralysed by Grinder for 4 turns
  4119 | D:5      | Paralysed by Grinder for 4 turns
  4124 | D:5      | Killed Grinder
  4125 | D:5      | Reached skill level 1 in Evocations
  4168 | D:5      | Identified the amulet "Cuam" {RegenMP rC++ Dex+4}
  4383 | D:5      | Reached skill level 7 in Axes
  4507 | D:5      | Reached XP level 9. HP: 55/55 MP: 9/9
  5266 | D:6      | Found a shimmering altar of Xom.
  5429 | D:6      | Identified the +3 kite shield "Eqyrhonn" {Rampage rF++
                  | Int+3 Dex+3}
  5446 | D:6      | Found a transporter.
  5452 | D:6      | Found a transporter.
  5455 | D:6      | Noticed mathmaestro's ghost (novice TrMo)
  5620 | D:6      | Reached skill level 8 in Axes
  5682 | D:6      | Found a hide-covered altar of Uskayaw.
  6138 | D:7      | Found a staircase to the Ecumenical Temple.
  6149 | Temple   | Entered the Ecumenical Temple
  6200 | Temple   | Became a worshipper of Warmaster Okawaru
  6678 | D:7      | Reached skill level 1 in Invocations
  6797 | D:7      | Reached XP level 10. HP: 46/61 MP: 9/11
  7008 | D:8      | Reached * piety under Okawaru
  7120 | D:8      | Found a staircase to the Lair.
  7162 | D:8      | Reached skill level 9 in Axes
  7586 | Lair:1   | Entered Level 1 of the Lair of Beasts
  7604 | D:8      | Reached ** piety under Okawaru
  7682 | Lair:1   | Noticed a seven-headed hydra
  7716 | Lair:1   | Killed a seven-headed hydra
  7889 | Lair:1   | You fall into a shaft and drop 1 floor!
  7889 | Lair:2   | Noticed an elephant
  7889 | Lair:2   | Noticed an elephant
  7889 | Lair:2   | Noticed an elephant
  7889 | Lair:2   | Noticed an elephant
  7889 | Lair:2   | Noticed an elephant
  7889 | Lair:2   | Noticed a cane toad
  7891 | Lair:2   | Noticed an elephant
  7917 | Lair:1   | Identified the +0 chain mail "Iwasa" {rElec MP+9 SInv}
  7949 | Lair:1   | Slain by a komodo dragon

Illustrated notes

Levels and vault maps discovered:
D:1:      denvon_arrival_planthouse, layout_basic, hangedman_decor_growths
D:2:      layout_loops_ring, chequers_ecumenical_altar_island,
          uniq_crazy_yiuf_cottage, uniq_natasha
D:3:      layout_loops_cross, slow_altar_1, roderic_lattice_a,
          chequers_serial_rivers_large_a
D:4:      layout_cave_pools, chequers_decorated_corner, uniq_pikel, uniq_ijyb,
          uniq_robin
D:5:      wad_lake_hut, layout_loops_ring, chequers_serial_rivers_small_a,
          lemuel_flamethrower_2, uniq_grinder
D:6:      layout_rooms, tgw_xom, nicolae_uskayaw_murder_on_the_dancefloor,
          gammafunk_ghost_gnarly_gnolls
D:7:      layout_loops_ring, minmay_temple_entry_arrows
D:8:      layout_loops_ring, david_lair_generic
Temple:   hc_temple_tempest_star
Lair:1:   minmay_guarded_unrand_snakebite, layout_big_grid,
          chequers_serial_rivers_micro_a, infiniplex_staircase_pool
Lair:2:   hellmonk_ruined_rings, layout_cave_pods, elwin_shoals_entry_rooms,
          spider_nest_entry_webs, nicolae_lair_run_with_the_wolves,
          lemuel_fruit_tree

Skill      XL: |  1  2  3  4  5  6  7  8  9 10 |
---------------+-------------------------------+-----
Axes           | 2 3 5 7 8 9 |  9.3
Shields        | 4 5 6 7 |  7.8
Fighting       | 4 5 6 7 |  7.2
Armour         | 4 5 6 7 |  7.0
Evocations     | 2 3 4 |  4.8
Invocations    | 1 3 |  3.6

Action                   |  1- 3 |  4- 6 |  7- 9 | 10-12 || total
-------------------------+-------+-------+-------+-------++-------
Melee: War axe           |    84 |   153 |   432 |   134 ||   803
       Mace              |       |       |       |    17 ||    17
Invok: Heroism           |       |       |       |     1 ||     1
  Use: Scroll            |     5 |     4 |     5 |     4 ||    18
       Potion            |       |       |       |     1 ||     1
Armor: Scale mail        |    23 |       |       |       ||    23
       Chain mail        |    23 |    55 |       |       ||    78
       Plate armour      |       |    46 |   372 |   196 ||   614
Dodge: Dodged            |    24 |    44 |    77 |    54 ||   199
Block: Buckler           |     9 |       |       |       ||     9
       Kite shield       |    31 |    80 |   236 |   139 ||   486
       Reflection        |       |       |     2 |     1 ||     3

Table legend: (Time is in decaauts)
 A = Elapsed time spent in this place.
 B = Non-inter-level travel time spent in this place.
 C = Inter-level travel time spent in this place.
 D = Time resting spent in this place.
 E = Time spent auto-exploring this place.
 F = Levels seen in this place.
 G = Mean time per level.
                   A        B        C        D        E       F      G
               +--------+--------+--------+--------+--------+-----+--------+
         Total |   8302 |   8016 |    286 |    576 |   5242 |  11 |  754.7 |
       Dungeon |   7879 |   7603 |    276 |    432 |   5086 |   8 |  984.9 |
        Temple |     74 |     64 |     10 |      0 |     47 |   1 |   74.0 |
          Lair |    348 |    348 |      0 |    144 |    108 |   2 |  174.0 |
               +--------+--------+--------+--------+--------+-----+--------+

Top non-repeatable levels by time:
     D:5: 1273 daAuts
     D:1: 1188 daAuts
     D:3: 1132 daAuts
     D:2: 1123 daAuts
     D:6: 817 daAuts
     D:8: 817 daAuts
     D:7: 780 daAuts
     D:4: 745 daAuts
  Lair:1: 337 daAuts
  Temple: 74 daAuts
  Lair:2: 10 daAuts
